 Dungeon Crawl Stone Soup version 0.25-a0-287-g56a5b49892 (webtiles) character file.

Game seed: 10559798429394320241, levelgen mode: deterministic

245 Gargoyl the Skirmisher (level 5, -1/46 HPs)
             Began as a Centaur Abyssal Knight on Dec 12, 2019.
             Was a Believer of Lugonu.
             Succumbed to an orc wizard's poison
             ... on level 4 of the Dungeon.
             The game lasted 00:05:50 (3119 turns).

Gargoyl the Skirmisher (Centaur Abyssal Knight)     Turns: 3119, Time: 00:05:50

Health: -1/46      AC: 16    Str: 15    XL:     5   Next: 84%
Magic:  7/7        EV:  8    Int: 11    God:    Lugonu [**....]
Gold:   304        SH:  0    Dex: 14    Spells: 4/4 levels left

rFire    + + .     SeeInvis .   a - +1 hand axe
rCold    + . .     Gourm    .   (no shield)
rNeg     . . .     Faith    .   e - +5 plate armour {ponderous}
rPois    +         Spirit   .   r - +0 helmet
rElec    +         Reflect  .   (no cloak)
rCorr    +         Harm     .   (no gloves)
MR       .....                  (no barding)
Stlth    ..........             (no amulet)
HPRegen  0.15/turn              j - ring of protection from fire
MPRegen  0.10/turn              q - +1 ring of protection

@: agile, lethally poisoned (-1 -> -13), resistant, flying, very slightly
contaminated, invisible, quick
A: large, hooves 3, deformed body, speed 2, tough skin 3
a: Depart the Abyss, Bend Space, Renounce Religion


You were on level 4 of the Dungeon.
You worshipped Lugonu.
Lugonu was pleased with you.
You were not hungry.

You visited 1 branch of the dungeon, and saw 4 of its levels.
You visited the Abyss 1 time.

You collected 304 gold pieces.

Inventory:

Hand Weapons
 a - a +1 hand axe (weapon)
 f - a +0 broad axe
Missiles
 i - 3 boomerangs (quivered)
Armour
 e - a +5 plate armour of ponderousness (worn)
 r - a +0 helmet (worn)
Jewellery
 j - a ring of protection from fire (left hand)
 q - a +1 ring of protection (right hand)
Wands
 h - a wand of flame (12)
Scrolls
 k - 3 scrolls of identify
 l - a scroll of remove curse
 o - 2 scrolls of teleportation
 s - 3 scrolls of enchant weapon {unknown}
Potions
 b - a potion of might
Comestibles
 c - 11 rations


   Skills:
 + Level 3.7 Fighting
 + Level 3.1 Axes
 * Level 2.7 Armour
 * Level 1.8 Dodging
 * Level 3.0 Invocations


You had 4 spell levels left.
You didn't know any spells.
Your spell library was empty.

Dungeon Overview and Level Annotations

Branches:
Dungeon (4/15)
 Temple: D:4-7

Altars:
Fedhas
Gozag
Nemelex Xobeh

Shops:
D:4 %


Innate Abilities, Weirdness & Mutations

You have hooves in place of feet.
Armour fits poorly on your strangely shaped body.
You cover ground very quickly.
You have extremely tough skin. (AC +3)


Message History

You closely miss something. You kick something.
You closely miss the orc wizard.
* * * LOW HITPOINT WARNING * * *
You feel sick. Something hits you but does no damage.
The orc wizard hits you but does no damage.
You hit something. You hit the orc wizard.
You kill the orc wizard!
Lugonu accepts your kill.
* * * LOW HITPOINT WARNING * * *
You feel sick.
Something hits you but does no damage. x2
Unknown command.
You miss something.
* * * LOW HITPOINT WARNING * * *
You feel sick.
You hear some strange, mumbled words.
A puff of flame appears from out of thin air!
The puff of flame misses you.
Unknown command.
You barely miss something. Your kick misses something.
You die...

.........>#....# ##)
#.....<..#....# #.
#........#...## ###.
#........#...# .....
#........#...#..........
#........#...#..........
#........'...#..........
#....))..#...+..........
#.....{@.#...#.........#
##########...#.........# #####
###+##.........# ....#
#..............# ....#
#...........#'## ....#
#...........+∩'. ....######
#...........#+#.
....#....################.......#
#'###.........#8###⌠###8#.......#


There were no monsters in sight!

Vanquished Creatures
  Blork the orc (D:4)
  3 orc wizards (D:4)
  A gnoll (D:1)
  An adder (D:2)
  4 worms
  3 dart slugs
  2 leopard geckos (D:2)
  3 orcs (D:4)
  3 giant cockroaches
  7 goblins
  7 hobgoblins
  7 jackals (D:2)
  3 ball pythons
  5 bats
  3 frilled lizards
  6 kobolds
  3 rats
62 creatures vanquished.

Notes
Turn   | Place    | Note
-------+----------+-------------------------------------------
     0 | Abyss:1  | Gargoyl the Centaur Abyssal Knight began the quest for the
                  | Orb.
     0 | Abyss:1  | Reached XP level 1. HP: 19/19 MP: 2/2
    19 | Abyss:2  | Noticed a quasit
   110 | Abyss:3  | Noticed a large abomination
   115 | Abyss:3  | Noticed a neqoxec
   116 | Abyss:3  | Noticed a glowing orange brain
   120 | D:1      | Escaped the Abyss
   438 | D:2      | Reached XP level 2. HP: 15/26 MP: 3/3
   659 | D:1      | Reached skill level 1 in Dodging
   815 | D:1      | Reached * piety under Lugonu
   832 | D:1      | Reached XP level 3. HP: 27/31 MP: 4/4
  1225 | D:2      | Found a sparkling altar of Nemelex Xobeh.
  1368 | D:2      | Found an opulent altar of Gozag.
  1970 | D:2      | Reached XP level 4. HP: 28/38 MP: 5/5
  2112 | D:2      | Found a blossoming altar of Fedhas.
  2626 | D:4      | Noticed Blork the orc
  2634 | D:4      | Killed Blork the orc
  2634 | D:4      | Reached XP level 5. HP: 36/45 MP: 5/7
  2732 | D:4      | Found Uvearph's Food Shoppe.
  2797 | D:4      | Reached ** piety under Lugonu
  3117 | D:4      | HP: 2/46 [poisoned by an orc wizard]
  3119 | D:4      | Succumbed to an orc wizard's poison

Levels and vault maps discovered:
D:1:      dpeg_arrival_pits, layout_basic
D:2:      layout_basic, grunt_gozag_statues, old_standard_altar, fedhas_altar_3
D:3:      layout_rooms, first_ration
D:4:      layout_gridville, serial_shops, nicolae_shop_behind_doors,
          minmay_misc_feat_chi, corexii_leaking_fountain,
          corexii_hall_statues_i, minmay_vboxes, uniq_blork_the_orc

Skill      XL: |  1  2  3  4  5 |
---------------+----------------+-----
Axes           | 2 3 |  3.1
Dodging        | 1 |  1.8
Armour         | 2 |  2.7
Invocations    | 3 |  3.0
Fighting       | |  3.7

Action                   |  1- 3 |  4- 6 || total
-------------------------+-------+-------++-------
Melee: Hand axe          |   127 |    71 ||   198
       Kick              |    23 |    16 ||    39
Invok: Depart the Abyss  |     1 |       ||     1
  Use: Scroll            |     7 |     1 ||     8
       Potion            |     3 |     5 ||     8
  Eat: Chunk             |     2 |     4 ||     6
Armor: Plate armour      |   122 |    75 ||   197
       Leather armour    |     2 |       ||     2
Dodge: Dodged            |    16 |     8 ||    24

Table legend:
 A = Non-vault XP
 B = Vault XP
 C = Vault XP percentage of total XP
 D = Non-vault monster count
 E = Vault monster count
 F = Vault count percentage of total count
                 A         B        C        D         E       F
            +---------+---------+-------+---------+---------+-------
      Total |     251 |     100 |  28.5 |      59 |       3 |   4.8
            +---------+---------+-------+---------+---------+-------
        D:1 |      45 |       0 |   0.0 |      17 |       0 |   0.0
        D:2 |      60 |       0 |   0.0 |      21 |       0 |   0.0
        D:3 |      20 |       0 |   0.0 |      12 |       0 |   0.0
        D:4 |     126 |     100 |  44.2 |       9 |       3 |  25.0
            +---------+---------+-------+---------+---------+-------
